 Seeded DCSS version 0.28-a0-1555-g9ae15a6949 (webtiles) character file.

Game seed: 11087003400880552656 (custom seed)

63463 knot the Severer (level 14, -4/98 HPs)
             Began as a Demonspawn Berserker on Jan 18, 2022.
             Was a Priest of Trog.
             Slain by a sixfirhy (12 damage)
             ... summoned by an orc sorcerer
             ... on level 2 of the Orcish Mines.
             The game lasted 00:48:37 (28508 turns).

knot the Severer (Demonspawn Berserker)            Turns: 28508, Time: 00:48:39

Health: -4/98      AC: 25    Str: 23    XL:     14   Next: 68%
Magic:  14/14      EV: 15    Int: 19    God:    Trog [***...]
Gold:   2216       SH:  0    Dex: 13    Spells: 13/13 levels left

rFire   + . .      SeeInvis .   u - +2 battleaxe (flame)
rCold   . . .      Faith    .   (shield currently unavailable)
rNeg    . . .      Spirit   .   E - +7 chain mail of the Comet {rF+ Int+7}
rPois   .          Reflect  .   A - +2 helmet
rElec   .          Harm     .   (cloak unavailable)
rCorr   .          Rampage  .   H - +2 pair of gloves
Will    +....                   g - +2 pair of boots
Stlth   ..........              M - amulet of regeneration
HPRegen 1.06/turn               T - +4 ring of evasion
MPRegen 0.14/turn               P - +6 ring of strength

@: no status effects
A: powered by death 2, sturdy frame 2, weakness stinger 3, dopey 1
a: Renounce Religion, Berserk, Trog's Hand


You were on level 2 of the Orcish Mines.
You worshipped Trog.
Trog was most pleased with you.
You visited 3 branches of the dungeon, and saw 19 of its levels.
You also visited: Sewer, Ossuary and Volcano.

You collected 2342 gold pieces.
You spent 126 gold pieces at shops.

Inventory:

Hand Weapons
 u - a +2 battleaxe of flaming (weapon)
 Q - a +1 battleaxe of freezing
Missiles
 d - 29 arrows
 j - 880 stones
 k - 73 sling bullets
 G - 48 poisoned darts
 N - a javelin (quivered)
Armour
 g - a +2 pair of boots (worn)
 A - a +2 helmet (worn)
 B - the +1 ring mail of Lust {rPois Regen+}
   (You found it on level 5 of the Dungeon)

   rPois:     It protects you from poison.
   Regen:     It increases your rate of health regeneration.
 E - the +7 chain mail of the Comet (worn) {rF+ Int+7}
   (You acquired it on level 8 of the Dungeon)

   Int:       It affects your intelligence (+7).
   rF:        It protects you from fire.
 H - a +2 pair of gloves (worn)
Jewellery
 s - a ring of positive energy
 w - a ring of resist corrosion
 M - an amulet of regeneration (around neck)
 P - a +6 ring of strength (right hand)
 R - a ring of see invisible
 S - a ring of protection from fire
 T - a +4 ring of evasion (left hand)
 V - the ring "Melet" {Fire rPois}
   (You found it on level 5 of the Lair of Beasts)

   [ring of fire]

   It enhances your fire magic.
   rF:        It protects you from fire.
   rC:        It makes you vulnerable to cold.
   rPois:     It protects you from poison.
 X - a ring of magical power
Wands
 b - a wand of charming (5)
 l - a wand of flame (23)
 t - a wand of iceblast (5)
 v - a wand of polymorph (16)
 x - a wand of paralysis (6)
 y - a wand of digging (4)
 O - a wand of mindburst (15)
Scrolls
 h - 16 scrolls of identify
 i - a scroll of magic mapping
 p - 3 scrolls of amnesia
 q - a scroll of brand weapon
 r - 3 scrolls of summoning
 I - 7 scrolls of vulnerability
 L - 4 scrolls of enchant armour
Potions
 c - 3 potions of might
 e - 7 potions of curing
 f - a potion of haste
 m - a potion of invisibility
 n - 2 potions of magic
 o - 3 potions of degeneration
 z - 2 potions of flight
 D - 9 potions of mutation
 J - a potion of resistance


   Skills:
 - Level 5.0 Fighting
 * Level 19.0 Axes
 + Level 13.4 Throwing
 - Level 3.8 Armour
 - Level 3.8 Dodging


You had 13 spell levels left.
You didn't know any spells.
Your spell library contained the following spells:

 Spells                   Type           Power      Damage    Failure   Level
 Apportation              Tloc           0%         N/A       52%         1
 Freeze                   Ice            0%         1d3       52%         1
 Frozen Ramparts          Ice            0%         1d2       88%         3
 Tukima's Dance           Hex            0%         N/A       88%         3
 Anguish                  Hex/Necr       0%         N/A       99%         4
 Hailstorm                Conj/Ice       0%         3d3       99%         4
 Passage of Golubria      Tloc           0%         N/A       99%         4
 Alistair's Intoxication  Tmut/Pois      0%         N/A       100%        5
 Yara's Violent Unravell  Hex/Tmut       0%         3d3       100%        5
 Enfeeble                 Hex            0%         N/A       100%        7


Dungeon Overview and Level Annotations

Branches:
Dungeon (12/15)            Temple (0/1) D:6            Lair (5/6) D:11
  Swamp (0/4) Lair:2       Spider (0/4) Lair:2        Slime (0/5) Lair:5
    Orc (2/2) D:12            Elf (0/3) Orc:2         Sewer (visited)
Ossuary (visited)         Volcano (visited)

Altars:
Ashenzari
Hepliaklqana
Kikubaaqudgha
Nemelex Xobeh
Okawaru
Ru
Sif Muna
Trog
Uskayaw
Vehumet
The Shining One

Shops:
D:3 [   Orc:2 !*


Innate Abilities, Weirdness & Mutations

You regenerate health from kills.
Your movements are less encumbered by armour. (ER -4)
You have a sharp stinger which inflicts weakening toxins.
You are dopey. (Int -2)


Message History

* * * LOW HITPOINT WARNING * * *
The chaos spawn sears you!
* * * LOW HITPOINT WARNING * * *
You feel much better.
The orc high priest invokes the aid of Beogh against you.
Beogh smites you!
* * * LOW HITPOINT WARNING * * *
The chaos spawn hits you.
* * * LOW HITPOINT WARNING * * *
The chaos spawn freezes you!
* * * LOW HITPOINT WARNING * * *
You feel much better.
The orc high priest hits you with a +0 trident.
The chaos spawn hits you. The chaos spawn freezes you!
* * * LOW HITPOINT WARNING * * *
As you read the scroll of fear, it crumbles to dust.
You assume a fearsome visage.
The chaos spawn looks frightened!
The orc high priest looks frightened! x2
The orc sorcerer points at you and mumbles some strange words.
The bolt of negative energy misses you.
The orc sorcerer points at you and mumbles some strange words.
The bolt of fire hits you! You resist.
* * * LOW HITPOINT WARNING * * *
The orc sorcerer casts a spell at you.
You suddenly lose the ability to move!
The orc sorcerer casts a spell.
You can move again.
The orc sorcerer casts a spell.
The orc sorcerer casts a spell.
The sixfirhy hits you but does no damage.
The sixfirhy hits you but does no damage.
The sixfirhy hits you. The sixfirhy shocks you! The sixfirhy hits you!
* * * LOW HITPOINT WARNING * * *
The sixfirhy shocks you!
* * * LOW HITPOINT WARNING * * *
The sixfirhy hits you!
* * * LOW HITPOINT WARNING * * *
The sixfirhy shocks you!
You die...

........#.........#......#..##.##
........[...............3....###.
..............................#..
..........[....................#.
..)......................#.......
..))[....[.......................
...[[<...........................
..............................###
................@3......#......##
##....#...#..#..#.##.#.###.##.##
######################## ######


You could see a sixfirhy (summoned).

Vanquished Creatures
  Gastronok (D:11)
  Kirke (Lair:4)
  7 hydras
  4 two-headed ogres
  The ghost of 3t5h the Covert, a journeyman FeCj of Zin (Lair:5)
  4 orc high priests (Orc:2)
  A hell knight (Volcano)
  2 orc knights (Orc:2)
  A deep elf pyromancer (D:12)
  A lindwurm (Lair:4)
  5 oklob plants
  4 orc sorcerers
  2 wolf spiders (Lair:2)
  An ugly thing (D:12)
  3 manticores
  4 cyclopes
  A salamander (Volcano)
  Maurice (D:12)
  10 elephants
  5 black mambas
  4 molten gargoyles (Volcano)
  A rust devil (Orc:2)
  3 gargoyles
  4 rime drakes
  9 cane toads
  An unseen horror (D:12)
  Maggie (Lair:1)
  5 kobold demonologists
  4 komodo dragons
  An ice devil (Orc:2)
  An efreet (Volcano)
  4 trolls
  The ghost of hashsling the Thaumaturge, a novice DEWz of Makhleb (D:6)
  A red devil (Orc:2)
  Grinder (D:5)
  5 dream sheep (Lair:5)
  5 blink frogs (Lair:2)
  3 jumping spiders (Lair:2)
  Sigmund (D:3)
  3 shadows
  A vampire (D:12)
  A wyvern (Lair:5)
  4 hogs (Lair:4)
  A wraith (D:9)
  37 yaks
  3 basilisks
  Menkaure (Ossuary)
  A vampire mosquito (D:11)
  5 wargs
  An acid dragon (D:11)
  10 water moccasins
  19 orc warriors
  3 sky beasts
  A black bear (Lair:4)
  5 ogres
  2 boggarts (D:6)
  27 wolves
  6 centaurs
  9 bullfrogs
  5 kobold brigands
  2 scorpions
  A wyvern skeleton (D:7)
  2 water moccasin skeletons
  10 killer bees
  A dream sheep simulacrum (Lair:5)
  3 howler monkeys
  2 spectral centaurs (D:6)
  4 electric eels
  2 lava snakes (Lair:2)
  6 centaur zombies
  A jelly (D:4)
  A bullfrog zombie (D:6)
  A centaur skeleton (D:5)
  A gnoll shaman (D:9)
  19 orc priests
  2 hounds
  4 iguanas
  Natasha (thrice) (D:2)
  12 orc wizards
  6 hell rats (Lair:2)
  A centaur simulacrum (D:6)
  A hound zombie (D:5)
  3 mummies (Ossuary)
  A spectral howler monkey (D:6)
  2 hound skeletons (D:4)
  6 gnolls
  13 adders
  6 river rats (Sewer)
  An adder skeleton (D:4)
  5 worms
  3 dart slugs
  63 orcs
  14 ball pythons
  5 bats
  3 endoplasms
  3 giant cockroaches
  5 goblins
  4 hobgoblins
  46 kobolds
  2 quokkas
  6 frilled lizards
  5 gnoll skeletons (Ossuary)
  5 gnoll zombies (Ossuary)
  4 goblin skeletons (Ossuary)
  4 goblin zombies (Ossuary)
  2 hobgoblin skeletons (Ossuary)
  5 hobgoblin zombies (Ossuary)
  4 kobold skeletons (Ossuary)
  2 kobold zombies (Ossuary)
  3 orc skeletons (Ossuary)
  An orc zombie (Ossuary)
  2 quokka zombies (D:8)
  26 rats
  7 rat skeletons (Ossuary)
  8 rat zombies (Ossuary)
613 creatures vanquished.

Vanquished Creatures (collateral kills)
  Snorg (Orc:2)
  A catoblepas (D:11)
  Urug (Orc:2)
  A deep elf pyromancer (Volcano)
  A molten gargoyle (Volcano)
  An orange demon (Orc:2)
  A kobold demonologist (D:12)
  A gargoyle (D:11)
  A rime drake (Lair:5)
  A wyvern (D:9)
  A vampire (D:9)
  A hog (shapeshifter) (D:11)
  2 death yak simulacra (Lair:5)
  4 orc warriors
  A centaur (D:9)
  A kobold brigand (D:12)
  2 cane toad simulacra (Lair:5)
  A fire crab simulacrum (Lair:5)
  2 orc wizards (Orc:2)
  9 orcs
34 creatures vanquished.

Vanquished Creatures (others)
  15 fungi
  38 plants
53 creatures vanquished.

Grand Total: 700 creatures vanquished

Notes
Turn   | Place    | Note
-------+----------+-------------------------------------------
     0 | D:1      | knot the Demonspawn Berserker began the quest for the Orb.
     0 | D:1      | Reached XP level 1. HP: 18/18 MP: 1/1
   245 | D:1      | Gained mutation: Your movements are slightly less
                  | encumbered by armour. (ER -2) [demonic ancestry]
   245 | D:1      | Reached XP level 2. HP: 24/24 MP: 2/2
   515 | D:1      | Found a faded altar of an unknown god.
   899 | D:2      | Reached skill level 3 in Axes
   965 | D:2      | Gained mutation: You have a small tail. [demonic ancestry]
   965 | D:2      | Reached XP level 3. HP: 26/29 MP: 3/3
  1548 | D:2      | Reached ** piety under Trog
  1743 | D:2      | Noticed Natasha
  1752 | D:2      | Killed Natasha
  1753 | D:2      | Reached XP level 4. HP: 33/37 MP: 4/4
  1862 | D:2      | Noticed Natasha
  1869 | D:2      | Killed Natasha
  1946 | D:2      | Noticed Natasha
  1952 | D:2      | Killed Natasha
  2622 | D:3      | Reached XP level 5. HP: 27/42 MP: 5/5
  2859 | D:3      | Noticed Sigmund
  2874 | D:3      | Killed Sigmund
  2875 | D:3      | Gained mutation: You have a tail ending in a sharp stinger.
                  | [demonic ancestry]
  2875 | D:3      | Reached XP level 6. HP: 33/49 MP: 6/6
  3539 | D:3      | Found Hasch's Armour Boutique.
  3756 | D:4      | Reached skill level 4 in Axes
  3915 | D:4      | Found a sparkling altar of Nemelex Xobeh.
  3915 | D:4      | Found a hazy altar of Hepliaklqana.
  5108 | D:5      | Entered Level 5 of the Dungeon
  5116 | D:5      | Reached XP level 7. HP: 55/55 MP: 7/7
  5394 | D:5      | Found a hide-covered altar of Uskayaw.
  5439 | D:4      | Reached skill level 5 in Fighting
  5984 | D:5      | Reached skill level 5 in Axes
  5984 | D:5      | Reached skill level 1 in Throwing
  6097 | D:5      | Identified the +1 ring mail of Lust {rPois Regen+}
  6117 | D:5      | Noticed Grinder
  6123 | D:5      | Found an iron altar of Okawaru.
  6136 | D:5      | Killed Grinder
  6137 | D:5      | Reached XP level 8. HP: 62/62 MP: 8/8
  6513 | D:5      | Reached skill level 6 in Axes
  7273 | D:6      | Found a runed translucent gate.
  7273 | D:6      | Found a runed translucent gate.
  7273 | D:6      | Found a runed translucent gate.
  7274 | D:6      | Noticed hashsling's ghost (novice DEWz)
  7305 | D:6      | Found a glowing drain.
  7372 | Sewer    | Entered a sewer
  7551 | Sewer    | Reached *** piety under Trog
  7985 | D:6      | Reached skill level 7 in Axes
  9117 | D:6      | Found a staircase to the Ecumenical Temple.
  9889 | D:3      | Bought a +1 pair of gloves for 126 gold pieces
  9941 | D:3      | Identified a scroll of acquirement
  9941 | D:3      | Acquired a +0 broad axe of flaming
 10408 | D:7      | Reached skill level 8 in Axes
 10408 | D:7      | Reached XP level 9. HP: 52/68 MP: 9/9
 10600 | D:7      | Found a shimmering blue altar of Sif Muna.
 10865 | D:7      | You fall into a shaft and drop 2 floors!
 10878 | D:9      | Reached skill level 5 in Throwing
 10881 | D:9      | Reached skill level 9 in Axes
 11053 | D:8      | Acquired the +7 chain mail of the Comet {rF+ Int+7}
 11244 | D:8      | Found a sacrificial altar of Ru.
 11244 | D:8      | Found an ancient bone altar of Kikubaaqudgha.
 11296 | D:8      | Reached skill level 10 in Axes
 11501 | D:8      | Reached **** piety under Trog
 11528 | D:8      | Found a sand-covered staircase.
 11575 | Ossuary  | Entered an ossuary
 11785 | Ossuary  | Reached ***** piety under Trog
 11863 | Ossuary  | Reached XP level 10. HP: 72/74 MP: 10/10
 11868 | Ossuary  | Noticed Menkaure
 11874 | Ossuary  | Killed Menkaure
 11918 | D:8      | Gained mutation: You are weak. (Str -2) [potion of
                  | mutation]
 11918 | D:8      | Gained mutation: Your flesh is cold resistant. (rC+)
                  | [potion of mutation]
 11974 | D:8      | Noticed a two-headed ogre
 11982 | D:8      | HP: 5/111 [two-headed ogre (21)]
 11984 | D:8      | Killed a two-headed ogre
 12330 | D:8      | Reached skill level 11 in Axes
 13060 | D:9      | HP: 1/74 [wyvern (9)]
 13480 | D:9      | Found a broken altar of Ashenzari.
 13528 | D:9      | Noticed a moth of wrath
 13531 | D:9      | Found a bloodstained altar of Trog.
 14224 | D:10     | Entered Level 10 of the Dungeon
 14228 | D:10     | Noticed a manticore
 14241 | D:10     | Killed a manticore
 14242 | D:10     | Reached skill level 12 in Axes
 14481 | D:10     | Found a radiant altar of Vehumet.
 14602 | D:10     | Gained mutation: You regenerate a little health from kills.
                  | [demonic ancestry]
 14602 | D:10     | Reached XP level 11. HP: 79/79 MP: 11/11
 15069 | D:10     | Identified the +5 robe "Yxageyq" {Harm Drain rElec rPois}
 15149 | D:10     | Noticed a two-headed ogre
 15159 | D:10     | Killed a two-headed ogre
 15694 | D:11     | Found a staircase to the Lair.
 15714 | D:11     | Noticed Gastronok
 15742 | D:11     | Killed Gastronok
 15743 | D:11     | Reached skill level 13 in Axes
 16182 | D:11     | Noticed a two-headed ogre
 16192 | D:11     | Killed a two-headed ogre
 16704 | D:11     | Noticed a catoblepas
 16800 | D:11     | Reached skill level 14 in Axes
 16814 | D:11     | Killed a catoblepas
 16815 | D:11     | Gained mutation: Your movements are less encumbered by
                  | armour. (ER -4) [demonic ancestry]
 16815 | D:11     | Reached XP level 12. HP: 86/86 MP: 12/12
 17173 | Lair:1   | Entered Level 1 of the Lair of Beasts
 17173 | Lair:1   | Noticed Maggie
 17181 | Lair:1   | Killed Maggie
 17200 | Lair:1   | Noticed a six-headed hydra
 17214 | Lair:1   | Killed a two-headed hydra
 17783 | Lair:1   | Reached skill level 10 in Throwing
 18435 | Lair:2   | Found a staircase to the Swamp.
 18494 | Lair:2   | Reached skill level 15 in Axes
 18762 | Lair:2   | Found a hole to the Spider Nest.
 18932 | Lair:2   | Noticed a seven-headed hydra
 18946 | Lair:2   | Killed a three-headed hydra
 20312 | Lair:3   | Reached skill level 16 in Axes
 20370 | Lair:3   | Gained mutation: You regenerate health from kills. [demonic
                  | ancestry]
 20370 | Lair:3   | Reached XP level 13. HP: 91/91 MP: 13/13
 21370 | Lair:3   | Identified the +1 robe of Enlos {rF+ rCorr}
 21849 | Lair:4   | Noticed Kirke
 21862 | Lair:4   | Reached skill level 17 in Axes
 21873 | Lair:4   | Killed Kirke
 22754 | Lair:5   | Found a staircase to the Slime Pits.
 23110 | Lair:5   | Noticed 3t5h's ghost (journeyman FeCj)
 23299 | Lair:5   | Found a runed translucent gate.
 23299 | Lair:5   | Found a runed translucent gate.
 23299 | Lair:5   | Found a runed translucent gate.
 23767 | Lair:5   | Killed 3t5h's ghost
 23785 | Lair:5   | Got the ring "Melet" {Fire rPois}
 24048 | D:6      | Killed hashsling's ghost
 24462 | D:12     | Gained mutation: You have a sharp stinger which inflicts
                  | weakening toxins. [demonic ancestry]
 24462 | D:12     | Reached XP level 14. HP: 83/98 MP: 14/14
 24507 | D:12     | Noticed Maurice
 24517 | D:12     | Killed Maurice
 24626 | D:12     | Identified the +9 great sword "Mypaa" {drain, rElec rF+
                  | Dex-3}
 24700 | D:12     | Found a staircase to the Orcish Mines.
 24909 | D:12     | Reached skill level 18 in Axes
 25327 | Orc:1    | Entered Level 1 of the Orcish Mines
 25493 | Orc:2    | Entered Level 2 of the Orcish Mines
 25495 | Orc:2    | Noticed Snorg
 25510 | Orc:2    | Killed Snorg
 25569 | Orc:2    | Found a dark tunnel.
 25589 | Volcano  | Entered a volcano
 25830 | Volcano  | Noticed an orb of fire
 25864 | Volcano  | Noticed an orb of fire
 26059 | Orc:2    | Found a staircase to the Elven Halls.
 26083 | Orc:2    | Paralysed by an orc sorcerer for 3 turns
 26809 | Orc:2    | Found Qiemni's Distillery.
 26818 | Orc:2    | Found Koeqasuu's General Store.
 26906 | Orc:2    | Noticed Urug
 26925 | Orc:2    | Killed Urug
 28102 | Orc:2    | Reached skill level 19 in Axes
 28456 | Orc:2    | Gained mutation: You do not regenerate when monsters are
                  | visible. [a neqoxec]
 28467 | Orc:2    | Lost mutation: Your flesh is cold resistant. (rC+) [potion
                  | of mutation]
 28467 | Orc:2    | Lost mutation: You do not regenerate when monsters are
                  | visible. [potion of mutation]
 28467 | Orc:2    | Lost mutation: You are weak. (Str -2) [potion of mutation]
 28467 | Orc:2    | Gained mutation: You are dopey. (Int -2) [potion of
                  | mutation]
 28489 | Orc:2    | Paralysed by an orc sorcerer for 5 turns
 28508 | Orc:2    | Slain by a sixfirhy

Illustrated notes

Levels and vault maps discovered:
D:1:      wheals_arrival_linesprint, layout_basic,
          dreamdust_ecumenical_altar_statues
D:2:      layout_loops_cross, kennysheep_boxes, uniq_natasha
D:3:      layout_loops_ring, serial_shops, nicolae_shop_behind_doors,
          uniq_sigmund
D:4:      layout_cave_pods, minitemple, serial_bayou_lagoon_a
D:5:      layout_layer_cave, old_standard_altar, mainiacjoe_overflow_paths,
          hangedman_abyss_or_decor_stabs, uniq_grinder
D:6:      layout_layer_cave, temple_doors_e, gammafunk_ghost_necromancy,
          gup_sewer_entry_glass, minmay_misc_feat_hallway
D:7:      layout_gridville, mainiacjoe_overflow_alcove_2, due_unseen_surprise
D:8:      layout_rooms, grunt_temple_overflow_open, enter_ossuary_4
D:9:      layout_long_grid, mainiacjoe_overflow_six_doors_small, tgw_trog,
          grunt_decor_arrowhead, minmay_chambers_of_fives
D:10:     layout_loops_ring, mainiacjoe_overflow_small_starburst
D:11:     minmay_clustersquares, layout_stronghold, erik_lair_orcish_takeover,
          minmay_misc_feat_encased, uniq_gastronok
D:12:     layout_roguey, hiddenorc1_lemuel, uniq_maurice
Lair:1:   layout_cave_pods, uniq_maggie
Lair:2:   wander_river, layout_regular_city, swamp_mist_pool,
          spider_nest_entry_funnel_web, nicolae_lair_liquid_snakes
Lair:3:   layout_cave_pods, serial_bayou_shore_a, grunt_megastairs_4
Lair:4:   layout_gridlike, grunt_megastairs_2, uniq_kirke
Lair:5:   layout_cave_pods, minmay_slime_entry_oklob_open, gammafunk_ghost_icy
Orc:1:    layout_diamond_mine
Orc:2:    pf_orc_diabolical, layout_caves, lightli_volcano_entry_magma_tube,
          uniq_snorg, uniq_urug

Skill      XL: |  1  2  3  4  5  6  7  8  9 10 11 12 13 14 |
---------------+-------------------------------------------+-----
Armour         | 2 3 |  3.8
Dodging        | 2 3 |  3.8
Axes           | 3 4 5 8 10 12 14 16 17 19 | 19.0
Fighting       | 4 5 |  5.0
Throwing       | 2 4 6 8 9 11 12 13 | 13.4

Action                   |  1- 3 |  4- 6 |  7- 9 | 10-12 | 13-15 || total
-------------------------+-------+-------+-------+-------+-------++-------
Melee: Hand axe          |    92 |   126 |   234 |       |       ||   452
       Punch             |     1 |       |     3 |     7 |     1 ||    12
       Tailslap          |     8 |    10 |    61 |    68 |    95 ||   242
       Broad axe         |       |       |   192 |   311 |    45 ||   548
       Battleaxe         |       |       |       |   138 |   572 ||   710
Throw: Boomerang         |       |       |    13 |   105 |       ||   118
       Dart              |       |       |       |    47 |    14 ||    61
       Stone             |       |       |       |    13 |     2 ||    15
       Javelin           |       |       |       |     3 |    13 ||    16
Invok: Berserk           |     2 |     8 |    14 |    12 |     9 ||    45
       Trog's Hand       |       |       |     2 |     4 |     2 ||     8
       Brothers in Arms  |       |       |       |     4 |    12 ||    16
Evoke: Wand              |       |       |     8 |    19 |    11 ||    38
  Use: Scroll            |       |       |    14 |    13 |     6 ||    33
       Potion            |       |       |     4 |    11 |     6 ||    21
 Stab: Sleeping          |     1 |     2 |       |       |       ||     3
       Invisible         |       |       |     2 |       |     5 ||     7
       Distracted        |       |       |       |     1 |     1 ||     2
Armor: Animal skin       |    20 |    25 |    13 |       |       ||    58
       Ring mail         |       |       |   118 |   111 |   145 ||   374
       Chain mail        |       |       |    92 |   151 |    76 ||   319
Dodge: Dodged            |    49 |    78 |   298 |   328 |   489 ||  1242

Table legend: (Time is in decaauts)
 A = Elapsed time spent in this place.
 B = Non-inter-level travel time spent in this place.
 C = Inter-level travel time spent in this place.
 D = Time resting spent in this place.
 E = Time spent auto-exploring this place.
 F = Levels seen in this place.
 G = Mean time per level.
                   A        B        C        D        E       F      G
               +--------+--------+--------+--------+--------+-----+--------+
         Total |  28868 |  27597 |   1271 |   9012 |  14455 |  22 | 1312.2 |
       Dungeon |  18035 |  17128 |    907 |   6115 |   8941 |  12 | 1502.9 |
          Lair |   6750 |   6486 |    264 |   2039 |   3557 |   5 | 1350.0 |
  Orcish Mines |   2725 |   2626 |     99 |    783 |   1235 |   2 | 1362.5 |
         Sewer |    589 |    589 |      0 |     27 |    352 |   1 |  589.0 |
       Ossuary |    347 |    347 |      0 |      0 |    170 |   1 |  347.0 |
       Volcano |    419 |    419 |      0 |     47 |    199 |   1 |  419.0 |
               +--------+--------+--------+--------+--------+-----+--------+

Top non-repeatable levels by time:
   Orc:2: 2291 daAuts
     D:4: 2249 daAuts
     D:6: 2233 daAuts
  Lair:3: 1876 daAuts
     D:3: 1760 daAuts
     D:8: 1598 daAuts
    D:11: 1586 daAuts
     D:9: 1547 daAuts
     D:2: 1495 daAuts
     D:5: 1493 daAuts
    D:10: 1483 daAuts
  Lair:1: 1281 daAuts
  Lair:4: 1242 daAuts
  Lair:5: 1199 daAuts
  Lair:2: 1151 daAuts
